Map: [ESL] Moondance

Players

LiquidClem (Clem) - Winner!

  • Race: Terran Terran
  • League: Grandmaster
  • Spawn Location: 12:00

RiSkyZ (RiSky)

  • Race: Zerg Zerg
  • Spawn Location: 6:00

Event: HomeStory Cup XXII

VOD

Have the link to the VOD?

Description

Time

  • Played on: Dec. 15, 2022, 7:55 a.m.
  • Length: 10:41

All games in this series

Show
View Real Time Build Order
Export as new Build Order

LiquidClem Terran - Winner!

Build Orders: Reaper Expand, Hellion Banshee 

Get SALT Encoding   

  12  0:00  SCV  
  13  0:12  SCV  
  14  0:16  Supply Depot  
  14  0:24  SCV  
  15  0:38  SCV  
  15  0:39  Barracks  
  16  0:44  Refinery  
  16  0:50  SCV  
  17  1:02  SCV  
  18  1:14  SCV  
  19  1:26  Reaper, Orbital Command  
  20  1:38  Command Center  
  20  1:50  Supply Depot  
  20  1:52  SCV  
  21  1:58  Marine  
  22  2:04  SCV  
  23  2:14  Factory  
  23  2:16  SCV  
  23  2:20  Barracks Reactor  
  24  2:28  SCV  
  25  2:40  SCV  
  25  2:41  Command Center  
  26  2:51  Orbital Command  
  26  2:52  SCV  
  27  2:59  Starport  
  27  3:02  Refinery  
  27  3:05  SCV  
  28  3:08  Hellion  
  30  3:14  Hellion  
  30  3:16  Barracks Tech Lab  
  30  3:18  Barracks Tech Lab  
  32  3:21  Bunker  
  32  3:26  SCV x2  
  36  3:40  SCV  
  36  3:41  Hellion x2  
  39  3:46  Banshee  
  39  3:48  SCV  
  43  3:54  Marine  
  44  3:58  Orbital Command  
  44  3:59  SCV  
  44  4:01  SCV  
  45  4:07  Supply Depot  
  45  4:11  SCV  
  45  4:15  SCV  
  45  4:19  Hellion x2  
  45  4:23  SCV  
  45  4:24  SCV  
  51  4:27  SCV  
  53  4:35  SCV  
  53  4:36  SCV  
  53  4:38  Supply Depot, Stimpack, Marine  
  54  4:39  SCV  
  54  4:41  Barracks  
  56  4:47  SCV  
  56  4:48  SCV  
  56  4:50  Barracks  
  56  4:51  SCV  
  59  4:52  Starport Reactor  
  59  4:53  Factory Tech Lab  
  59  4:56  Marine  
  59  4:59  SCV  
  61  5:00  SCV  
  61  5:02  Supply Depot  
  61  5:03  SCV  
  63  5:11  SCV  
  63  5:14  SCV, Marine  
  65  5:15  Refinery, SCV  
  65  5:16  Engineering Bay  
  65  5:17  Engineering Bay  
  65  5:19  Refinery  
  67  5:23  SCV  
  67  5:24  Supply Depot  
  67  5:28  SCV  
  69  5:29  SCV, Barracks  
  69  5:31  Marine  
  69  5:32  Barracks  
  69  5:36  SCV  
  69  5:37  Marine  
  69  5:38  Marine  
  69  5:40  SCV  
  73  5:43  SCV, Starport Reactor  
  73  5:46  Terran Infantry Armor Level 1, Terran Infantry Weapons Level 1, Marine x2  
  73  5:49  SCV, Marine  
  78  5:52  SCV  
  78  5:53  Supply Depot  
  78  5:55  SCV, Marine x2  
  85  5:57  Siege Tank  
  85  6:01  SCV  
  85  6:02  Supply Depot  
  84  6:04  Marine  
  85  6:12  Refinery  
  85  6:15  SCV x3, Marine x2  
  85  6:16  Marine x2  
  85  6:18  Combat Shield  
  92  6:19  Supply Depot  
  92  6:23  Barracks Reactor x2  
  92  6:24  Supply Depot  
  92  6:25  Medivac  
  94  6:28  Medivac  
  94  6:29  Marine  
  97  6:34  Command Center  
  97  6:35  Marine x3  
  97  6:38  Marine  
  97  6:39  Supply Depot  
  99  6:43  Siege Tank  
  99  6:47  Supply Depot, Marine  
  102  6:52  Factory  
  102  6:53  Marine x3  
  106  6:54  SCV x2  
  106  6:55  SCV  
  106  6:56  Marine  
  106  7:00  Marine x4  
  114  7:03  Supply Depot  
  114  7:05  Marine  
  114  7:07  Armory  
  115  7:10  Marine  
  115  7:11  Medivac x2  
  115  7:13  Marine x2  
  122  7:19  Marine x2  
  122  7:20  Supply Depot, Marine x2  
  122  7:21  Siege Tank  
  129  7:27  Marine  
  129  7:28  Marine x2  
  132  7:31  Marine x2  
  132  7:36  Supply Depot  
  133  7:37  Marine x2  
  133  7:38  Marine x2  
  133  7:39  Factory Tech Lab  
  136  7:45  Marine x2  
  136  7:46  Marine  
  136  7:49  Marine x2  
  136  7:50  SCV x3  
  144  7:54  Siege Tank  
  144  7:55  Marine  
  144  7:57  Marine x3  
  151  8:02  Supply Depot, SCV  
  151  8:03  Marine  
  153  8:06  Terran Infantry Weapons Level 2  
  153  8:09  Terran Infantry Armor Level 2  
  153  8:10  SCV  
  153  8:11  Refinery  
  153  8:12  SCV  
  155  8:13  SCV, Marine  
  155  8:15  Refinery  
  157  8:22  Siege Tank  
  157  8:23  Marine  
  157  8:26  Siege Tank, Marine  
  157  8:27  Marine x6  
  163  8:29  SCV x2  
  163  8:30  Terran Vehicle Weapons Level 1  
  163  8:31  Planetary Fortress  
  163  8:33  SCV  
  172  8:35  Marine  
  172  8:41  SCV, Marine  
  173  8:42  SCV  
  173  8:44  Marine x3  
  173  8:45  SCV  
  173  8:46  Supply Depot  
  179  8:48  Supply Depot  
  179  8:50  Marine  
  179  8:55  Marine x3  
  177  8:59  Barracks  
  177  9:01  Barracks  
  180  9:03  Supply Depot  
  180  9:05  Barracks  
  180  9:07  Marine x2  
  180  9:08  SCV x2, Medivac x2  
  188  9:10  Siege Tank  
  188  9:14  Marine x5  
  188  9:15  Marine  
  196  9:21  Supply Depot  
  196  9:25  Missile Turret, Siege Tank, Marine  
  200  9:39  Command Center, Sensor Tower  
  200  9:45  Ghost Academy  
  200  9:50  Barracks Tech Lab x2  
  200  9:52  Marine  
  198  9:55  Marine  
  198  9:56  Marine  
  198  9:58  Command Center  
  197  10:01  Siege Tank  
  197  10:02  Marine x4  
  197  10:07  Barracks Tech Lab  
  197  10:08  Siege Tank  
Show
View Real Time Build Order
Export as new Build Order

RiSkyZ Zerg 

Build Orders: Hatch First 

Get SALT Encoding   

  12  0:00  Drone  
  13  0:11  Overlord  
  13  0:16  Drone  
  14  0:30  Drone x2  
  16  0:47  Hatchery  
  15  0:50  Drone  
  15  0:54  Drone  
  17  0:57  Drone  
  18  1:08  Extractor  
  17  1:12  Spawning Pool  
  17  1:15  Drone  
  17  1:18  Drone  
  18  1:27  Drone  
  19  1:38  Drone  
  20  1:48  Drone  
  21  1:59  Queen, Roach Warren  
  21  2:00  Zergling x2  
  21  2:01  Zergling x2  
  24  2:12  Zergling x2, Overlord  
  25  2:26  Hatchery  
  23  2:41  Roach x3  
  28  2:44  Roach  
  28  2:50  Roach  
  32  2:57  Roach  
  34  3:12  Overlord  
  34  3:21  Drone  
  35  3:31  Drone x5  
  40  3:39  Drone  
  40  3:41  Drone  
  41  3:53  Ravager  
  41  3:55  Drone x2  
  44  3:58  Drone  
  44  4:00  Drone x5  
  50  4:04  Queen  
  50  4:11  Overlord  
  50  4:16  Drone  
  50  4:17  Drone  
  50  4:21  Overlord x2  
  50  4:27  Overlord x2  
  50  4:29  Queen  
  52  4:32  Drone x2  
  56  4:38  Ravager x3  
  56  4:41  Drone  
  56  4:42  Drone  
  59  4:47  Drone  
  59  4:48  Drone  
  59  4:50  Drone  
  59  4:52  Drone x2  
  64  4:53  Queen  
  64  4:55  Drone x2  
  64  4:58  Overlord  
  68  5:01  Queen  
  68  5:03  Spore Crawler  
  68  5:04  Spore Crawler  
  68  5:06  Spore Crawler  
  67  5:13  Drone x2  
  69  5:15  Drone x4  
  73  5:21  Drone x4  
  73  5:25  Drone  
  73  5:27  Overlord  
  73  5:28  Lair, Drone  
  79  5:34  Drone  
  80  5:36  Drone  
  80  5:40  Extractor x2  
  80  5:42  Drone x2  
  81  5:44  Drone  
  81  5:45  Drone x2  
  81  5:47  Extractor  
  81  5:49  Extractor  
  82  5:51  Drone  
  82  5:52  Drone  
  82  5:53  Drone x2  
  82  5:54  Drone  
  86  5:58  Drone  
  86  6:02  Drone x2  
  89  6:06  Extractor  
  89  6:08  Drone  
  89  6:09  Hatchery  
  88  6:11  Drone x2  
  88  6:12  Drone  
  88  6:15  Drone x2  
  88  6:16  Evolution Chamber  
  88  6:17  Evolution Chamber  
  91  6:19  Drone x2  
  91  6:20  Drone  
  91  6:24  Overlord  
  94  6:27  Roach x2  
  94  6:29  Overseer  
  94  6:31  Queen  
  96  6:34  Overlord  
  96  6:37  Overlord  
  96  6:39  Overseer  
  96  6:41  Overlord  
  96  6:43  Drone x2  
  96  6:45  Zerg Ground Armor Level 1, Zerg Missile Weapons Level 1  
  98  6:50  Drone x2  
  98  6:52  Drone x6  
  106  6:56  Roach x2  
  106  6:58  Queen  
  112  7:02  Roach  
  112  7:06  Overlord  
  114  7:10  Drone  
  114  7:12  Drone x2  
  114  7:14  Infestation Pit, Drone x2  
  118  7:19  Drone x2  
  120  7:24  Drone  
  120  7:28  Overlord  
  120  7:29  Overlord x2  
  121  7:35  Roach x3  
  126  7:40  Spore Crawler, Roach x4  
  133  7:45  Roach, Overlord  
  133  7:46  Overlord  
  135  7:52  Overlord x2  
  135  7:53  Extractor  
  135  7:54  Hive  
  135  7:55  Hydralisk Den  
  135  7:57  Hatchery  
  135  7:58  Overlord x4  
  132  7:59  Roach  
  132  8:00  Roach x2  
  132  8:04  Roach  
  132  8:05  Roach x2  
  144  8:08  Roach x2  
  143  8:26  Drone x13  
  142  8:31  Glial Reconstitution  
  142  8:34  Grooved Spines  
  142  8:35  Overlord, Lurker Den  
  142  8:40  Overlord  
  137  8:45  Drone  
  137  8:48  Roach x5  
  142  8:54  Roach x7  
  161  8:56  Ravager x3  
  161  8:57  Ravager x3  
  161  9:01  Roach x3  
  173  9:04  Roach x2  
  173  9:07  Roach x2  
  173  9:09  Roach  
  181  9:19  Roach  
  181  9:20  Roach x2  
  181  9:22  Zergling x14  
  194  9:44  Roach x5  
  189  10:02  Roach x5  
  189  10:03  Roach  
  191  10:09  Roach  
  191  10:10  Roach x2  
  196  10:21  Roach  
  196  10:22  Extractor  
Tags
 
Add a new tag
Caveats
  • Supply blocks, unpowered buildings, or Contaminate may cause inaccurate times.
  • Supply counts are checked every 10 seconds.